 Dungeon Crawl Stone Soup version 0.29-a0-393-g47a863cc1b (webtiles) character file.

Game seed: 8686797053971360811

258 jimonade the Magician (level 6, -6/45 HPs)
             Began as a Djinni Conjurer on May 9, 2022.
             Was an Initiate of Makhleb.
             Mangled by Edmund
             ... wielding a +4 vorpal dire flail
              (14 damage)
             ... on level 4 of the Dungeon.
             The game lasted 00:09:19 (5110 turns).

jimonade the Magician (Djinni Conjurer)             Turns: 5110, Time: 00:09:20

Health: -6/45      AC:  4    Str:  8    XL:     6   Next: 40%
Gold:   208        EV: 11    Int: 20    God:    Makhleb [......] SH:  0 Dex: 11

rFire   + + .      SeeInvis .   h - +0 dagger (venom)
rCold   x . .      Faith    .   (no shield)
rNeg    . . .      Spirit   .   z - +0 leather armour
rPois   ∞          Reflect  .   (no helmet)
rElec   .          Harm     .   (no cloak)
rCorr   .          Rampage  .   w - +0 pair of gloves
Will    .....                   (boots unavailable)
Stlth   +.........              (no amulet)
HPRegen 0.15/turn               (no ring)
MPRegen 0.00/turn               (no ring)

@: flying, very slightly contaminated
A: sickness immunity, fire resistance 2, cold vulnerability 1, float, innate
caster, HP casting, extra vitality 1
a: Renounce Religion


You were on level 4 of the Dungeon.
You worshipped Makhleb.
Makhleb was noncommittal.
You visited 2 branches of the dungeon, and saw 5 of its levels.

You collected 208 gold pieces.

Inventory:

Hand Weapons
 h - a +0 dagger of venom (weapon)
 i - a +0 hunting sling
 n - a +2 short sword of draining
 v - a +1 dagger of electrocution
Missiles
 f - 60 stones
 l - a throwing net
Armour
 a - a +0 robe
 r - an orb of guile
 w - a +0 pair of gloves (worn)
 x - a +0 ring mail
 z - a +0 leather armour (worn)
Wands
 y - a wand of flame (23)
 A - a wand of iceblast (7)
Scrolls
 b - 5 scrolls of identify {unknown}
 c - a scroll of blinking {unknown}
 d - a scroll of silence {unknown}
 e - 7 scrolls of teleportation {unknown}
 g - 3 scrolls of magic mapping {unknown}
 j - a scroll of enchant armour {unknown}
 k - a scroll of amnesia {unknown}
 s - a scroll of acquirement {unknown}
 t - a scroll of noise {unknown}
 B - a scroll of brand weapon {unknown}
Potions
 m - a potion of attraction {unknown}
 o - a potion of lignification {unknown}
 p - a potion of degeneration {unknown}
 q - a potion of berserk rage {unknown}
 u - a potion of brilliance {unknown}
 C - a potion of might {unknown}


   Skills:
 * Level 2.5 Fighting
 + Level 0.7 Short Blades
 + Level 0.1 Armour
 - Level 2.1 Dodging
 - Level 1.5 Stealth
 + Level 5.1 Spellcasting


You couldn't memorise any spells.
You knew the following spells:

 Your Spells              Type           Power      Damage    Failure   Level
a - Magic Dart            Conj           100%       1d8       1%          1
b - Searing Ray           Conj           50%        2d6       3%          2
c - Dazzling Flash        Conj/Hex       50%        N/A       6%          3
d - Fulminant Prism       Conj/Hex       12%        3d9       21%         4
e - Iskenderun's Mystic   Conj/Tloc      25%        2d7       21%         4
f - Beastly Appendage     Tmut           50%        N/A       1%          1
g - Call Imp              Summ           25%        N/A       3%          2
Your spell library was empty.

Dungeon Overview and Level Annotations

Branches:
Dungeon (4/15)             Temple (1/1) D:4

Altars:
Ashenzari
Cheibriados
Dithmenos
Elyvilon
Fedhas
Gozag
Kikubaaqudgha
Makhleb
Nemelex Xobeh
Okawaru
Qazlal
Sif Muna
Trog
Uskayaw
Vehumet
Wu Jian
Xom
Yredelemnul
Zin
The Shining One
Beogh

Shops:
D:1 (

Annotations:
D:3 3 runed translucent doors, Gelos's ghost, amateur HOFi
D:4 Edmund


Innate Abilities, Weirdness & Mutations

You are immune to sickness and miasma.
You are immune to poison.
Your flesh is very heat resistant. (rF++)
You are vulnerable to cold. (rC-)
You float through the air rather than walking.
You learn spells naturally, not from books.
Your magical power is your life essence.
You have superior vitality. (+4 MHP)


Message History

Press: ? - help, v - describe, . - travel
Here: Edmund, wielding a +4 vorpal dire flail and wearing a +0 ring mail (asleep)
The floor.
Unknown command.
Casting: Magic Dart (safe; 1% risk of failure)
Confirm with . or Enter, or press ? or * to list all spells.
Aiming: Searing Ray (safe; 3% risk of failure)
Press: ? - help, Shift-Dir - straight line, f - Edmund
Aim: Edmund, wielding a +4 vorpal dire flail and wearing a +0 ring mail (asleep, 100% to hit)
The searing ray hits Edmund.
Edmund is lightly wounded. (Press . to maintain the ray.)
The searing ray hits Edmund.
Edmund is lightly wounded.
The searing ray hits Edmund.
Edmund is moderately wounded.
Edmund hits you with a +4 vorpal dire flail!
Casting: Searing Ray (safe; 3% risk of failure)
Confirm with . or Enter, or press ? or * to list all spells.
Casting: Dazzling Flash (dangerous; 6% risk of failure)
Press: ? - help, Dir - look around, f - activate You miscast Dazzling Flash.
You are very lightly contaminated with residual magic.
Nothing appears to happen.
Edmund misses you.
Casting: Dazzling Flash (dangerous; 6% risk of failure)
Confirm with . or Enter, or press ? or * to list all spells.
Casting: Dazzling Flash (dangerous; 6% risk of failure)
Press: ? - help, Dir - look around, f - activate Edmund hits you with a +4 vorpal dire flail!
* * * LOW HITPOINT WARNING * * *
x2
Casting: Dazzling Flash (dangerous; 6% risk of failure)
Confirm with . or Enter, or press ? or * to list all spells.
Casting: Dazzling Flash (dangerous; 6% risk of failure)
Press: ? - help, Dir - look around, f - activate Edmund is dazzled.
* * * LOW HITPOINT WARNING * * *
Edmund closely misses you.
Unknown command.
Edmund hits you with a +4 vorpal dire flail!
You die...

... .'......... ..
###..>...... ..
##.......# ###.
##.....## #..
##...... #.# ###
##..### #.# ##.##
#..#
#@######.#.###..###
#.@..)..###..#..##.
#######..#.#....##)
#.#.##.....))
#.#.##....##.
#.#.##.#)###.
#.#..........
#.####.######
#......# ########


You could see Edmund (blind).

Vanquished Creatures
  A jelly (D:4)
  Ijyb (D:4)
  An orc wizard (D:4)
  4 gnolls (D:4)
  5 adders
  An ufetubus (D:4)
  4 worms
  4 orcs
  3 bats
  5 endoplasms
  6 goblins
  6 hobgoblins
  2 jackals (D:2)
  6 kobolds
  3 quokkas
  5 ball pythons
  3 frilled lizards
  3 rats
63 creatures vanquished.

Notes
Turn   | Place    | Note
-------+----------+-------------------------------------------
     0 | D:1      | jimonade the Djinni Conjurer began the quest for the Orb.
     0 | D:1      | Reached XP level 1. HP: 15/15 MP: 0/0
   270 | D:1      | Found Urou's Weapon Boutique.
   329 | D:1      | Reached XP level 2. HP: 21/22 MP: 0/0
   796 | D:1      | Found a faded altar of an unknown god.
  1136 | D:2      | Reached XP level 3. HP: 23/26 MP: 0/0
  1136 | D:2      | Learned a level 1 spell: Beastly Appendage
  1325 | D:2      | Reached skill level 1 in Fighting
  1622 | D:2      | Reached skill level 4 in Spellcasting
  1667 | D:2      | Reached XP level 4. HP: 21/32 MP: 0/0
  2755 | D:3      | Found a runed translucent gate.
  2756 | D:3      | Found a runed translucent gate.
  2757 | D:3      | Found a runed translucent gate.
  2909 | D:3      | Noticed Gelos's ghost (amateur HOFi)
  3106 | D:3      | Found a shadowy altar of Dithmenos.
  3725 | D:4      | Reached XP level 5. HP: 35/38 MP: 0/0
  3725 | D:4      | Learned a level 2 spell: Call Imp
  3747 | D:4      | Noticed Ijyb
  3769 | D:4      | Killed Ijyb
  4396 | D:4      | Reached XP level 6. HP: 37/43 MP: 0/0
  4404 | D:4      | Reached skill level 5 in Spellcasting
  4526 | D:4      | Found a staircase to the Ecumenical Temple.
  4599 | Temple   | Entered the Ecumenical Temple
  4794 | Temple   | Became a worshipper of Makhleb the Destroyer
  5101 | D:4      | Noticed Edmund
  5110 | D:4      | Mangled by Edmund

Illustrated notes

Levels and vault maps discovered:
D:1:      matt_arrival_diagonals, layout_basic, serial_shops, shop,
          shapermc_ecumenical_altar_hornbeckon
D:2:      layout_loops_corners, chequers_avenue
D:3:      layout_loops_ring, mainiacjoe_overflow_paths,
          biasface_ghost_orc_armoury
D:4:      layout_loops_corners, nicolae_sif_muna_condensation, temple_fountains,
          uniq_ijyb, uniq_edmund
Temple:   eino_narrow_crystal_temple

Skill      XL: |  1  2  3  4  5  6 |
---------------+-------------------+-----
Fighting       | 1 2 |  2.5
Spellcasting   | 4 5 |  5.1
Short Blades   | |  0.7
Armour         | |  0.1
Dodging        | |  2.1
Stealth        | |  1.5

Action                   |  1- 3 |  4- 6 || total
-------------------------+-------+-------++-------
Melee: Dagger            |     1 |     5 ||     6
 Cast: Magic Dart        |    38 |    55 ||    93
       Searing Ray       |     5 |    18 ||    23
       Call Imp          |       |     1 ||     1
       Dazzling Flash    |       |     2 ||     2
Armor: Robe              |     5 |     2 ||     7
Dodge: Dodged            |     6 |    12 ||    18

Table legend: (Time is in decaauts)
 A = Elapsed time spent in this place.
 B = Non-inter-level travel time spent in this place.
 C = Inter-level travel time spent in this place.
 D = Time resting spent in this place.
 E = Time spent auto-exploring this place.
 F = Levels seen in this place.
 G = Mean time per level.
                   A        B        C        D        E       F      G
               +--------+--------+--------+--------+--------+-----+--------+
         Total |   5110 |   4731 |    379 |    428 |   3799 |   5 | 1022.0 |
       Dungeon |   4899 |   4547 |    352 |    428 |   3628 |   4 | 1224.8 |
        Temple |    210 |    183 |     27 |      0 |    171 |   1 |  210.0 |
               +--------+--------+--------+--------+--------+-----+--------+

Top non-repeatable levels by time:
     D:2: 1773 daAuts
     D:4: 1253 daAuts
     D:3: 1028 daAuts
     D:1: 844 daAuts
  Temple: 210 daAuts
